Map: New Repugnancy LE

Players

HeatedStove - Winner!

  • Race: Zerg Zerg
  • League: Master
  • Spawn Location: 1:00

FOX

  • Race: Terran Terran
  • League: Master
  • Spawn Location: 7:00

VOD

Have the link to the VOD?

Description

Time

  • Played on: June 23, 2019, 1:50 a.m.
  • Length: 21:18
Show
View Real Time Build Order
Export as new Build Order

HeatedStove Zerg - Winner!

Build Orders: Hatch First, Brood Lord Corruptor 

Get SALT Encoding   

  12  0:01  Drone  
  13  0:13  Overlord  
  13  0:17  Drone  
  14  0:31  Drone x2  
  16  0:50  Hatchery  
  16  0:53  Drone  
  16  0:56  Drone  
  17  1:00  Drone  
  18  1:10  Extractor  
  17  1:15  Spawning Pool  
  16  1:19  Drone  
  16  1:22  Drone  
  18  1:29  Drone  
  19  1:41  Drone  
  20  1:55  Drone  
  21  2:04  Queen x2  
  21  2:06  Zergling x4  
  27  2:18  Hatchery  
  26  2:24  Overlord  
  26  2:30  Drone x2  
  26  2:33  Metabolic Boost  
  28  2:46  Queen  
  30  2:52  Overlord  
  30  2:54  Drone x2  
  30  2:55  Drone  
  30  2:57  Drone  
  34  3:03  Drone  
  34  3:05  Drone  
  36  3:16  Drone x2  
  36  3:18  Drone x3  
  41  3:20  Overlord  
  41  3:26  Queen  
  43  3:37  Drone x3  
  43  3:38  Queen  
  48  3:46  Drone  
  49  3:50  Overlord  
  49  3:53  Zergling x6  
  49  3:54  Zergling x6  
  55  4:03  Queen  
  57  4:10  Overlord  
  57  4:11  Baneling Nest  
  57  4:14  Drone  
  57  4:15  Drone x5  
  62  4:22  Drone  
  62  4:23  Spore Crawler  
  62  4:27  Queen, Spore Crawler  
  62  4:30  Drone x3  
  66  4:36  Drone, Spore Crawler  
  66  4:40  Overlord  
  66  4:41  Drone x2  
  68  4:53  Drone x6  
  68  4:57  Overlord x2  
  74  5:02  Drone x5  
  74  5:05  Evolution Chamber  
  78  5:08  Evolution Chamber  
  77  5:15  Lair  
  77  5:29  Extractor  
  77  5:30  Extractor  
  77  5:31  Drone x12, Extractor x2  
  77  5:35  Zerg Melee Weapons Level 1  
  85  5:38  Overlord x2  
  85  5:42  Drone x4  
  84  6:00  Zergling x2  
  84  6:01  Zergling x18  
  94  6:09  Overlord x3  
  94  6:24  Zergling x12  
  94  6:25  Hatchery x2, Centrifical Hooks  
  100  6:28  Zerg Ground Armor Level 1  
  98  6:48  Infestation Pit, Zergling x20  
  98  6:49  Queen  
  98  6:53  Overlord  
  109  6:54  Overlord  
  109  6:58  Baneling x8  
  109  6:59  Baneling x6  
  109  7:03  Burrow  
  109  7:04  Zergling x6  
  109  7:06  Hatchery  
  111  7:09  Overlord  
  111  7:13  Pneumatized Carapace  
  111  7:17  Zergling x16  
  119  7:29  Overlord  
  116  7:44  Hive, Zergling x2  
  116  7:45  Zergling x18  
  126  8:01  Overlord  
  126  8:02  Overlord  
  126  8:03  Zergling x24  
  138  8:11  Zergling x4  
  140  8:14  Extractor  
  140  8:16  Spire  
  140  8:17  Drone  
  140  8:18  Drone x9  
  148  8:21  Drone  
  148  8:22  Drone x5  
  154  8:38  Zergling x12  
  154  8:39  Zergling x2  
  161  8:49  Zergling x14  
  161  8:50  Zergling x16  
  176  8:57  Spore Crawler x2  
  173  9:04  Overseer x3  
  171  9:13  Drone  
  171  9:14  Drone x13  
  171  9:15  Drone x3  
  186  9:20  Ultralisk Cavern  
  185  9:27  Extractor  
  185  9:28  Extractor  
  183  9:31  Overlord  
  183  9:32  Overlord x2  
  183  9:33  Overlord  
  183  9:35  Zergling x2  
  183  9:36  Zergling x6  
  183  9:37  Spine Crawler  
  183  9:38  Baneling x17  
  186  9:41  Spine Crawler  
  186  9:42  Baneling  
  185  9:49  Overlord x3  
  185  10:08  Zerg Melee Weapons Level 2  
  185  10:11  Chitinous Plating, Greater Spire  
  160  10:25  Zergling x4  
  160  10:26  Zergling x36  
  159  10:28  Adrenal Glands  
  159  10:34  Zergling x12  
  163  10:45  Zergling x14  
  163  10:47  Corruptor x4  
  163  10:48  Corruptor x3  
  184  10:55  Spore Crawler  
  182  10:58  Spore Crawler, Extractor  
  180  11:04  Drone  
  181  11:12  Spine Crawler  
  181  11:13  Spine Crawler x2  
  181  11:14  Hatchery  
  177  11:23  Zergling x2  
  177  11:24  Zergling x42  
  181  11:29  Anabolic Synthesis  
  181  11:30  Zergling x2  
  181  11:31  Zergling x6  
  175  11:42  Zergling x18  
  175  11:43  Zergling x8  
  175  11:46  Baneling x19  
  180  11:47  Baneling  
  180  11:50  Zergling x4  
  130  12:09  Zergling x30  
  138  12:24  Drone x3  
  138  12:25  Drone x4  
  138  12:28  Hatchery, Evolution Chamber  
  138  12:29  Evolution Chamber  
  140  12:36  Zergling x12  
  140  12:37  Zergling x4  
  126  12:45  Drone x2  
  126  12:46  Drone  
  128  12:51  Zergling x12  
  129  13:02  Zerg Flyer Armor Level 1  
  129  13:06  Drone x4  
  129  13:07  Drone x2  
  132  13:15  Overseer  
  127  13:30  Brood Lord x6  
  127  13:31  Corruptor  
  127  13:32  Corruptor x2  
  145  13:42  Zerg Melee Weapons Level 3  
  145  13:43  Zerg Ground Armor Level 2  
  141  13:51  Zergling x6  
  141  13:52  Zergling x6  
  144  14:09  Drone x7  
  151  14:23  Zergling x20  
  151  14:24  Zergling x10  
  141  14:40  Zergling x16  
  141  14:41  Zergling x8  
  133  15:04  Drone  
  133  15:05  Drone x3  
  137  15:07  Extractor  
  136  15:19  Pathogen Glands  
  136  15:31  Baneling  
  136  15:32  Baneling  
  134  15:37  Drone x3  
  134  15:38  Spine Crawler  
  134  15:42  Spore Crawler  
  135  15:52  Infestor x12  
  135  15:55  Corruptor  
  135  15:56  Corruptor x8  
  177  16:07  Zerg Flyer Armor Level 2  
  177  16:22  Overlord x4  
  177  16:23  Overlord  
  177  16:43  Zergling x2  
  177  16:44  Zergling x36  
  177  16:46  Baneling  
  177  16:47  Baneling x9  
  196  16:48  Baneling  
  192  17:00  Overlord x3  
  138  17:42  Overseer x4  
  131  17:44  Baneling x4  
  131  17:45  Baneling x3  
  131  17:47  Extractor  
  131  17:48  Extractor  
  129  17:54  Baneling x2  
  128  18:24  Ultralisk x7, Zergling x2  
  128  18:25  Zergling x14  
  128  18:27  Zerg Ground Armor Level 3  
  178  18:29  Zerg Flyer Armor Level 3  
  175  18:59  Zergling x2  
  175  19:00  Zergling x4  
  175  19:02  Overlord x7  
  176  19:19  Hatchery  
  173  19:25  Infestor x8  
  173  19:31  Baneling x3  
  172  19:33  Corruptor x10  
  172  19:36  Baneling x11  
  172  19:37  Baneling x2  
  172  19:38  Zergling x14  
  155  20:53  Zergling x8  
  155  20:54  Zergling x34  
Show
View Real Time Build Order
Export as new Build Order

FOX Terran 

Build Orders: Liberator Opening, Reaper Expand 

Get SALT Encoding   

  12  0:00  SCV  
  13  0:13  SCV  
  14  0:17  Supply Depot  
  14  0:25  SCV  
  15  0:39  Barracks  
  15  0:41  Refinery  
  15  0:44  SCV  
  16  0:56  SCV  
  17  1:08  SCV  
  18  1:20  SCV  
  19  1:26  Reaper  
  19  1:32  Orbital Command  
  20  1:43  Command Center  
  20  1:56  Supply Depot  
  20  1:58  SCV  
  20  1:59  Marine  
  22  2:10  Factory  
  22  2:13  SCV  
  23  2:19  Refinery  
  23  2:21  Barracks Reactor  
  23  2:29  SCV  
  24  2:41  SCV  
  25  2:53  SCV  
  25  2:56  Starport  
  25  2:57  Orbital Command  
  26  3:03  Hellion x2, Barracks Tech Lab  
  30  3:07  Supply Depot  
  30  3:11  SCV  
  31  3:22  Liberator  
  31  3:24  Hellion x2  
  31  3:25  SCV  
  36  3:27  SCV  
  37  3:38  SCV  
  37  3:39  SCV  
  42  3:48  Hellion x2  
  46  3:52  Stimpack  
  46  3:53  SCV  
  46  3:54  SCV  
  48  4:03  Supply Depot  
  48  4:06  SCV x2  
  50  4:15  Marine  
  51  4:18  SCV x2  
  51  4:20  Factory Tech Lab  
  53  4:26  Command Center  
  53  4:29  Starport Reactor  
  53  4:32  SCV x2, Supply Depot  
  53  4:36  Marine  
  56  4:39  Siege Tank  
  59  4:47  SCV x2  
  58  4:56  Barracks  
  58  4:57  Barracks  
  58  4:58  Engineering Bay  
  58  4:59  SCV  
  59  5:02  SCV  
  59  5:03  Engineering Bay  
  60  5:07  Refinery x2  
  60  5:12  Siege Tank  
  60  5:13  SCV  
  64  5:14  SCV  
  64  5:16  Starport Reactor  
  65  5:22  Supply Depot  
  65  5:26  SCV  
  65  5:27  SCV  
  67  5:30  Terran Infantry Weapons Level 1, Terran Infantry Armor Level 1  
  67  5:31  Marine  
  68  5:38  SCV  
  68  5:39  Orbital Command, SCV  
  70  5:44  Supply Depot  
  70  5:45  Marine x2  
  70  5:49  Marine  
  73  5:50  Siege Tank  
  73  5:52  SCV  
  77  5:58  SCV  
  77  5:59  Marine x2, Combat Shield  
  77  6:04  Orbital Command, SCV  
  81  6:10  SCV  
  82  6:11  Supply Depot  
  82  6:13  Supply Depot x2  
  82  6:14  Medivac x2  
  82  6:15  Marine  
  82  6:16  Marine  
  82  6:18  Marine x2  
  88  6:21  SCV  
  91  6:31  Barracks, SCV  
  92  6:33  Barracks, SCV  
  92  6:35  SCV  
  92  6:39  Marine x5  
  99  6:43  Widow Mine  
  99  6:44  SCV  
  99  6:45  SCV  
  103  6:47  SCV  
  103  6:52  Armory  
  104  6:56  SCV  
  104  7:00  SCV x2  
  107  7:02  Marine x4  
  107  7:03  Medivac x2  
  107  7:04  Widow Mine  
  107  7:08  SCV  
  118  7:09  Factory  
  118  7:13  SCV  
  118  7:14  Supply Depot x2  
  119  7:18  SCV, Supply Depot  
  119  7:20  SCV  
  121  7:24  Barracks Reactor x2  
  121  7:25  Marine x3, SCV  
  125  7:35  Marine  
  125  7:36  Widow Mine, SCV x2  
  130  7:37  SCV  
  130  7:38  Drilling Claws  
  130  7:39  Terran Infantry Armor Level 2  
  129  7:48  Marine x4, SCV x2  
  135  7:53  Marine, Supply Depot  
  135  7:54  Refinery  
  135  7:55  Refinery  
  135  7:56  Supply Depot  
  135  7:57  Widow Mine  
  136  8:02  Command Center  
  136  8:06  Marine  
  136  8:08  Marine x7  
  136  8:10  Terran Infantry Weapons Level 2  
  136  8:11  Marine  
  145  8:19  Widow Mine, Sensor Tower, Supply Depot  
  147  8:24  Marine  
  147  8:26  Marine x3  
  151  8:27  Marine x4  
  151  8:29  Marine, Factory Reactor  
  156  8:40  Widow Mine, Barracks x2  
  158  8:42  Marine  
  158  8:43  Marine x2, Barracks  
  161  8:52  Marine x2  
  161  8:53  Marine x3, Marauder  
  166  8:59  Marine  
  166  9:02  Widow Mine  
  161  9:07  Marine x2  
  163  9:10  Marine x5  
  163  9:11  Widow Mine x2  
  163  9:13  Marine  
  173  9:17  Marine  
  173  9:18  Command Center  
  173  9:23  Widow Mine  
  172  9:25  Marine x2  
  172  9:28  Marine x5, Barracks Tech Lab  
  172  9:29  Barracks Tech Lab  
  172  9:30  Barracks Tech Lab  
  172  9:31  Marine, Medivac x2  
  181  9:34  Widow Mine x2  
  188  9:53  Planetary Fortress  
  188  9:59  Terran Infantry Armor Level 3  
  188  10:02  Bunker, Refinery  
  188  10:05  Refinery  
  188  10:13  Marine  
  188  10:17  Marine x3, Widow Mine, Marauder  
  188  10:19  Marine x5, Medivac  
  188  10:20  Medivac, Marauder x2  
  182  10:24  SCV  
  182  10:25  SCV x2  
  181  10:31  Marine  
  181  10:35  Marine x2, Marauder  
  180  10:36  Marine, SCV  
  180  10:37  Marine x4, SCV x2  
  180  10:38  SCV x2  
  180  10:39  Marauder  
  180  10:40  Marine  
  180  10:41  Marine  
  194  10:49  SCV x2  
  191  10:50  SCV x2  
  192  10:57  Widow Mine x3  
  192  10:58  Sensor Tower  
  192  11:01  Marauder  
  200  11:09  Planetary Fortress  
  200  11:17  Missile Turret, Refinery  
  200  11:20  Missile Turret  
  200  11:21  Sensor Tower  
  164  12:09  Marine x8, Marauder  
  164  12:13  Marine x3  
  159  12:19  SCV x5  
  155  12:25  Refinery  
  155  12:27  Marine x8  
  153  12:30  Widow Mine x3  
  153  12:31  Marine, Marauder x3, SCV  
  161  12:44  Marine x2  
  161  12:45  Marine x6  
  161  12:47  Terran Infantry Weapons Level 3, Supply Depot  
  161  12:49  Marauder  
  161  12:50  Supply Depot  
  171  12:55  Widow Mine, Marauder x3  
  171  12:59  Starport x2  
  171  13:00  Terran Ship Weapons Level 1  
  171  13:02  Starport  
  171  13:04  Supply Depot x2  
  171  13:06  Supply Depot  
  171  13:08  Supply Depot  
  171  13:09  Marine x6, Widow Mine  
  171  13:11  Marine x2  
  171  13:12  Marauder  
  183  13:16  Marauder x2  
  183  13:19  Marauder  
  187  13:25  Refinery  
  187  13:26  Marine x6, Widow Mine x2  
  197  13:28  Medivac  
  197  13:29  Marine  
  200  13:44  Marine  
  200  13:45  Command Center x2  
  200  13:47  Widow Mine, Starport Reactor, Starport Tech Lab  
  197  14:00  Marine, Marauder, Starport Reactor  
  200  14:06  Marine  
  169  14:35  Marauder x2  
  169  14:36  Marine x2, Marauder  
  169  14:37  Marauder  
  153  14:39  Marine x6  
  147  14:53  Viking x3  
  147  14:54  Marine x2, Viking x3  
  147  14:56  Marine, Marauder  
  147  14:57  Marine x6, Marauder  
  147  14:58  Marauder  
  173  15:04  Orbital Command  
  172  15:12  Marine x2  
  172  15:14  Marine x4, Raven  
  172  15:15  Marine x2  
  172  15:16  Marauder  
  172  15:17  Marine  
  172  15:18  Marauder  
  172  15:20  Ghost Academy  
  185  15:23  Viking x2  
  185  15:24  Viking x2, Command Center x2  
  185  15:25  Command Center  
  193  15:32  Marine x5, Marauder  
  198  15:36  Marauder  
  200  15:53  Personal Cloaking  
  200  16:02  Barracks  
  200  16:10  Barracks x3  
  200  16:12  Barracks  
  186  16:39  Ghost x3  
  180  16:40  Ghost  
  178  17:15  Marauder x2  
  170  17:17  Marauder x2  
  170  17:18  Marine x6  
  141  17:22  Barracks Tech Lab  
  141  17:23  Barracks Tech Lab x4  
  141  17:24  Marine x2  
  141  17:25  Widow Mine x3  
  134  17:35  Marine x2  
  134  17:36  Marine x4, Ghost  
  144  17:38  Ghost x2  
  148  17:45  Ghost x5  
  148  17:46  Ghost  
  148  17:49  Medivac x4  
  148  17:50  Viking  
  168  18:04  Ghost  
  168  18:05  Terran Ship Weapons Level 2  
  170  18:06  Ghost  
  170  18:07  Ghost  
  174  18:13  Ghost x3  
  174  18:15  Ghost  
  174  18:19  Viking x4  
  186  18:20  Orbital Command  
  188  18:28  Viking x2  
  188  18:33  Raven, Ghost  
  192  18:49  Viking x3  
  197  18:57  Marine x3  
  197  19:00  Refinery  
  197  19:02  Refinery  
  196  19:17  Marine x4  
  196  19:22  Orbital Command  
  200  19:28  Sensor Tower  
  196  19:34  Marauder x2  
  200  19:55  Concussive Shells  
  200  20:03  Ghost Academy x2  
  200  20:04  Ghost Academy  
  200  20:10  Ghost Academy  
  200  20:11  Ghost Academy  
  200  20:31  Fusion Core  
  200  20:41  Ghost Academy  
Tags
 
Add a new tag
Caveats
  • Supply blocks, unpowered buildings, or Contaminate may cause inaccurate times.
  • Supply counts are checked every 10 seconds.